Map: Dusk Towers

Players

Polt - Winner!

  • Race: Terran Terran

Elazer

  • Race: Zerg Zerg

Event: DreamHack Open Tours WCS Spring Championship

VOD

https://www.youtube.com/watch?v=LT4IqrSKK1U

Description

Time

  • Played on: May 15, 2016, 11:43 a.m.
  • Length: 18:58

All games in this series

Show
View Real Time Build Order
Export as new Build Order

Polt Terran - Winner!

Build Orders: Reaper Expand, MMM Bio 

Get SALT Encoding   

  12  0:00  SCV  
  13  0:12  SCV  
  14  0:16  Supply Depot  
  14  0:24  SCV  
  15  0:38  SCV  
  15  0:39  Barracks  
  16  0:43  Refinery  
  16  0:50  SCV  
  17  1:02  SCV  
  18  1:14  SCV  
  19  1:26  Orbital Command  
  19  1:27  Reaper  
  20  1:39  Command Center  
  20  1:49  Supply Depot  
  20  1:52  SCV  
  21  1:59  Marine  
  22  2:04  SCV  
  22  2:07  Factory  
  23  2:13  Refinery  
  23  2:16  SCV  
  23  2:20  Barracks Reactor  
  24  2:28  SCV  
  25  2:40  SCV  
  26  2:51  Orbital Command  
  26  2:52  SCV, Starport  
  26  2:55  Widow Mine  
  26  2:56  Marine x2  
  31  3:04  SCV  
  32  3:13  Command Center  
  32  3:16  SCV  
  32  3:18  SCV  
  34  3:22  Marine x2  
  36  3:28  Medivac  
  36  3:31  SCV x2  
  40  3:36  Supply Depot  
  40  3:37  Factory Tech Lab  
  40  3:40  Marine x2  
  42  3:43  SCV  
  42  3:45  SCV  
  44  3:55  SCV  
  45  3:57  SCV  
  46  4:09  Viking  
  48  4:10  SCV x2  
  48  4:11  Barracks  
  48  4:12  Barracks  
  48  4:13  Factory Reactor  
  48  4:16  Marine  
  48  4:17  Stimpack  
  51  4:22  SCV x2  
  52  4:25  Orbital Command  
  52  4:28  Refinery  
  52  4:29  Refinery  
  52  4:34  SCV x2, Marine  
  55  4:40  Engineering Bay x2  
  55  4:41  Starport Reactor  
  55  4:46  SCV x2  
  55  4:52  SCV  
  56  4:55  Marine  
  56  4:58  SCV x2  
  59  5:00  Marine x2  
  59  5:06  Orbital Command  
  61  5:07  Factory Reactor, Marine x2  
  61  5:08  Barracks x2  
  61  5:10  SCV  
  64  5:15  SCV  
  64  5:20  Supply Depot  
  65  5:22  SCV  
  65  5:23  Supply Depot  
  65  5:25  Marine x3  
  69  5:41  Supply Depot x2  
  69  5:42  SCV x3  
  74  5:44  Terran Infantry Weapons Level 1, Terran Infantry Armor Level 1  
  74  5:49  Medivac x2  
  76  5:53  Marine x4  
  76  5:54  SCV x3  
  76  5:55  Barracks Reactor  
  76  5:56  Barracks Reactor  
  83  5:57  Marine  
  84  6:06  SCV x3  
  84  6:09  Supply Depot  
  87  6:11  Supply Depot  
  87  6:17  Supply Depot x2, Marine x5  
  92  6:20  Widow Mine x2  
  92  6:24  SCV  
  92  6:25  SCV x2  
  99  6:36  Combat Shields, Marine x9  
  107  6:41  Medivac  
  107  6:42  Medivac  
  107  6:43  Supply Depot  
  107  6:45  Supply Depot  
  111  6:48  Widow Mine x2  
  115  6:56  Marine x2  
  115  6:57  Marauder, Marine x4  
  115  6:58  SCV x2  
  115  6:59  SCV  
  126  7:01  Marine x2  
  128  7:09  Armory  
  117  7:15  SCV x2  
  117  7:16  SCV  
  117  7:20  Marauder, Marine x8  
  124  7:26  Medivac x2  
  124  7:29  Widow Mine x2  
  130  7:38  Supply Depot  
  130  7:39  Supply Depot  
  130  7:45  Marine x4  
  130  7:46  Marauder, Marine x4  
  140  7:53  Barracks  
  140  7:54  Barracks x2  
  140  8:03  Marine x6  
  140  8:04  Marine x2  
  143  8:07  Marauder  
  143  8:08  Medivac x2  
  143  8:18  Command Center  
  143  8:19  Supply Depot  
  143  8:21  Terran Infantry Weapons Level 2, Terran Infantry Armor Level 2  
  143  8:23  Supply Depot  
  143  8:33  Marine x2  
  143  8:34  Marine x6  
  147  8:46  Barracks Tech Lab x3  
  147  8:47  Marauder  
  146  8:49  Medivac x2  
  135  8:58  Marine x2  
  135  8:59  Marine x6  
  132  9:09  Marauder  
  129  9:11  Marauder  
  129  9:13  Marine x2  
  129  9:16  Marine x4  
  129  9:17  Marine x4  
  125  9:19  Medivac x2  
  125  9:20  Widow Mine  
  125  9:21  Widow Mine  
  126  9:29  Marine  
  121  9:32  SCV  
  121  9:33  SCV x2  
  121  9:36  Marauder, Marine x10  
  123  9:53  Terran Ship Weapons Level 1  
  123  9:56  Marauder x3, Marine x8  
  123  9:58  Marauder  
  130  10:16  Liberator x2  
  125  10:21  Marauder x3  
  125  10:22  Marauder, Marine x8  
  130  10:51  Marauder x2, Marine x4  
  130  10:52  Marauder x2, Marine x4  
  146  10:59  Liberator x2  
  146  11:03  SCV x3  
  147  11:05  Refinery x2  
  147  11:06  Starport  
  146  11:28  Marauder x4, Marine x8  
  146  11:32  Supply Depot  
  162  11:33  Supply Depot  
  162  11:42  Liberator x2  
  162  11:53  Starport Reactor  
  150  11:59  Marauder x4  
  150  12:00  Marine x8  
  165  12:17  Marine x2  
  165  12:18  Marine x6  
  165  12:20  Marauder  
  165  12:21  Marauder x3, Liberator x2  
  158  12:24  Liberator x2  
  158  12:28  Orbital Command  
  158  12:29  SCV x3  
  148  12:51  SCV x3  
  149  12:55  Terran Ship Weapons Level 2  
  149  12:56  Terran Infantry Weapons Level 3  
  151  13:04  Refinery  
  151  13:06  Liberator x2  
  151  13:07  Liberator x2, Sensor Tower  
  128  13:35  SCV x4  
  114  14:01  SCV x2  
  114  14:02  SCV x2  
  113  14:04  Refinery  
  111  14:12  Command Center  
  111  14:15  Medivac x4  
  114  14:21  SCV  
  115  14:30  Ghost Academy  
  115  14:44  Marauder x3, Marine x6  
  115  14:45  Marauder, Marine x2  
  131  14:54  Liberator x4  
  143  15:18  Ghost x3  
  114  15:32  Marine x6, Orbital Command  
  88  16:06  SCV x2  
  90  16:28  SCV x3  
  90  16:29  SCV  
  94  16:50  SCV x3  
  94  16:51  SCV  
  94  16:52  Orbital Command  
  84  17:14  SCV  
  84  17:15  SCV x2  
  84  17:24  Marine x2  
  84  17:25  Marine x5  
  78  17:44  Orbital Command  
  78  17:48  SCV  
  73  18:29  Orbital Command  
Show
View Real Time Build Order
Export as new Build Order

Elazer Zerg 

Build Orders: Hatch First 

Get SALT Encoding   

  12  0:02  Drone  
  13  0:12  Overlord  
  13  0:17  Drone  
  14  0:31  Drone x2  
  14  0:34  Drone  
  17  0:52  Hatchery  
  17  0:54  Drone  
  17  0:57  Drone  
  18  1:08  Extractor  
  17  1:12  Spawning Pool  
  17  1:15  Drone  
  17  1:18  Drone  
  18  1:28  Drone  
  19  1:39  Overlord  
  19  1:58  Queen  
  19  1:59  Zergling x2  
  19  2:00  Zergling x2  
  23  2:03  Queen  
  23  2:04  Drone  
  26  2:08  Metabolic Boost  
  26  2:11  Drone  
  26  2:14  Drone  
  28  2:25  Drone x2  
  30  2:34  Hatchery  
  29  2:38  Spore Crawler  
  29  2:42  Drone x2  
  31  2:47  Queen  
  32  2:54  Overlord  
  32  2:55  Drone  
  33  3:02  Drone  
  33  3:03  Drone  
  35  3:12  Drone x2  
  37  3:13  Overlord, Drone  
  37  3:16  Drone x2  
  37  3:17  Drone  
  41  3:24  Queen  
  43  3:27  Overlord  
  43  3:33  Drone x3  
  46  3:36  Drone  
  46  3:38  Extractor  
  46  3:39  Drone  
  47  3:42  Drone  
  47  3:48  Queen  
  48  3:51  Drone x2  
  52  3:57  Spore Crawler  
  52  4:00  Zergling x8  
  55  4:04  Drone x2  
  55  4:07  Drone  
  55  4:08  Overlord  
  55  4:09  Spore Crawler  
  57  4:11  Zergling x2  
  57  4:16  Zergling x2  
  59  4:20  Drone x5  
  59  4:23  Drone  
  65  4:27  Drone  
  65  4:28  Evolution Chamber  
  65  4:29  Evolution Chamber  
  64  4:34  Spore Crawler, Drone x3  
  64  4:35  Drone  
  64  4:36  Drone  
  64  4:37  Drone  
  69  4:39  Drone  
  70  4:49  Overlord  
  70  4:53  Overlord  
  70  4:54  Lair  
  70  4:55  Zerg Melee Weapons Level 1  
  70  4:56  Zerg Ground Armor Level 1  
  70  4:59  Overlord  
  70  5:01  Extractor x2  
  68  5:08  Drone x2  
  68  5:09  Drone x3  
  68  5:10  Drone  
  74  5:14  Roach Warren  
  74  5:18  Hatchery  
  72  5:26  Drone x3  
  72  5:28  Drone x2  
  77  5:29  Drone  
  77  5:30  Zergling x6, Extractor  
  77  5:34  Zergling x4  
  82  5:40  Overlord x2  
  82  5:42  Overlord  
  81  5:50  Overlord  
  81  5:55  Glial Reconstitution  
  81  5:58  Roach x4  
  81  5:59  Roach x3  
  81  6:03  Overlord  
  95  6:11  Overlord  
  95  6:13  Drone  
  95  6:14  Drone x2  
  95  6:16  Drone  
  95  6:17  Extractor, Drone  
  95  6:18  Drone x3, Infestation Pit  
  100  6:20  Roach  
  100  6:23  Overlord  
  103  6:28  Overlord  
  103  6:29  Drone  
  105  6:33  Roach x4  
  105  6:34  Spore Crawler  
  105  6:39  Roach x2  
  110  6:47  Zergling x6  
  110  6:50  Zergling x12  
  119  6:54  Hive  
  119  7:01  Zerg Ground Armor Level 2, Zerg Melee Weapons Level 2  
  119  7:06  Infestor x3  
  123  7:17  Zergling x8  
  123  7:20  Overlord  
  123  7:21  Infestor  
  127  7:24  Zergling x20  
  127  7:28  Ravager  
  127  7:29  Ravager  
  137  7:34  Overlord  
  137  7:35  Drone x6  
  142  7:44  Drone x2  
  142  7:45  Drone x2  
  142  7:51  Overlord, Extractor  
  145  7:56  Ravager x3  
  148  7:58  Extractor  
  148  8:02  Overlord  
  142  8:08  Zergling x2, Hatchery  
  142  8:09  Zergling x12  
  148  8:15  Adrenal Glands  
  148  8:18  Ravager x2, Ultralisk Cavern  
  149  8:21  Overlord  
  149  8:24  Drone x5  
  154  8:29  Overseer  
  152  8:40  Zergling x4  
  152  8:41  Zergling x16  
  152  9:01  Zergling x30  
  158  9:07  Chitinous Plating, Ultralisk x2  
  140  9:19  Ultralisk  
  140  9:20  Ultralisk x2  
  140  9:23  Zergling x2  
  140  9:24  Zergling x8  
  147  9:34  Overseer  
  147  9:37  Ultralisk  
  152  9:51  Overlord  
  148  9:53  Zerg Melee Weapons Level 3  
  148  9:54  Spire  
  148  9:55  Zergling x20  
  148  9:56  Nydus Network  
  148  9:58  Overlord  
  155  10:04  Zerg Ground Armor Level 3  
  155  10:05  Drone  
  155  10:06  Drone  
  151  10:09  Overlord  
  142  10:22  Ultralisk x2  
  142  10:24  Zergling x12  
  145  10:34  Ultralisk  
  148  10:37  Zergling x2  
  148  10:38  Zergling x10  
  148  10:42  Nydus Canal  
  154  10:48  Zergling x12  
  157  11:03  Spire  
  156  11:05  Overseer  
  156  11:06  Pneumatized Carapace  
  156  11:09  Corruptor x5  
  165  11:13  Extractor x2  
  165  11:15  Drone x5  
  165  11:16  Drone  
  168  11:18  Drone x2  
  168  11:19  Drone x2  
  170  11:27  Hatchery  
  170  11:30  Ultralisk  
  175  11:38  Overlord x2  
  163  11:54  Ultralisk x3  
  163  11:58  Spawning Pool  
  160  12:04  Nydus Canal  
  160  12:13  Ultralisk  
  160  12:14  Ultralisk  
  166  12:26  Drone x5, Spawning Pool  
  155  12:47  Ultralisk, Hatchery  
  155  12:48  Hatchery  
  155  12:51  Drone, Corruptor x2  
  159  12:57  Corruptor  
  166  13:00  Corruptor  
  168  13:06  Corruptor  
  170  13:16  Overlord x2  
  153  13:28  Corruptor x4  
  125  13:47  Drone x5  
  125  13:48  Drone x3  
  121  14:05  Corruptor  
  121  14:06  Corruptor x2  
  127  14:15  Ultralisk, Hatchery  
  132  14:23  Infestor x2  
  136  14:27  Infestor  
  138  14:38  Ultralisk  
  138  14:45  Zergling x6  
  147  14:58  Zergling x14  
  154  15:05  Zerg Flyer Armor Level 1  
  154  15:07  Corruptor  
  154  15:12  Zergling x2  
  157  15:26  Corruptor x2  
  148  15:35  Corruptor x2  
  121  15:49  Corruptor x2  
  94  15:57  Corruptor  
  88  16:08  Drone x3  
  88  16:09  Drone x3  
  88  16:10  Ultralisk  
  100  16:12  Zergling x12  
  106  16:21  Ultralisk  
  112  16:27  Extractor  
  112  16:32  Zergling x8  
  115  16:38  Ultralisk  
  121  16:48  Ultralisk  
  121  16:49  Zergling x4  
  121  16:50  Zergling x8  
  120  17:10  Corruptor  
  120  17:11  Corruptor  
  118  17:18  Zergling x8  
  100  17:32  Corruptor x2  
  100  17:33  Corruptor  
  102  17:39  Corruptor  
  101  17:44  Corruptor  
  89  18:04  Corruptor  
  91  18:12  Corruptor  

Tags
 
Add a new tag
Caveats
  • Supply blocks, unpowered buildings, or Contaminate may cause inaccurate times.
  • Supply counts are checked every 10 seconds.